 Dungeon Crawl Stone Soup version 0.31-a0-176-g91f28db67f (webtiles) character file.

Game seed: 9907788804961756315

6258 qw the Cleaver (level 10, -2/66 HPs)
             Began as a Gargoyle Fighter on June 17, 2023.
             Was a Believer of Okawaru.
             Slain by a death yak (11 damage)
             ... on level 8 of the Dungeon.
             The game lasted 00:04:27 (7974 turns).

qw the Cleaver (Gargoyle Fighter)                   Turns: 7974, Time: 00:04:27

Health: -2/66      AC: 24    Str: 24    XL:     10   Next: 93%
Magic:  12/13      EV: 10    Int:  9    God:    Okawaru [**....]
Gold:   454        SH:  7    Dex: 15    Spells: 9/9 levels left

rFire   . . .        Y - +6 war axe
rCold   . . .        c - +0 buckler
rNeg    + . .        o - +1 plate armour
rPois   inf          (no helmet)
rElec   +            a - +0 cloak
rCorr   .            (no gloves)
SInv    +            (no boots)
Will    .....        (no amulet) Stlth
                     g - +6 ring of dexterity
HPRegen 0.31/turn    b - ring of see invisible
MPRegen 0.13/turn

%: no passive effects
@: heroic
A: sickness immunity, AC +7, negative energy resistance 1, electricity
resistance, torment resistance 1, petrification resistance
a: Renounce Religion, Heroism


You were on level 8 of the Dungeon.
You worshipped Okawaru.
Okawaru was pleased with you.
You visited 3 branches of the dungeon, and saw 10 of its levels.
You also visited: Ossuary.

You collected 454 gold pieces.


Innate Abilities, Weirdness & Mutations

You are immune to sickness and miasma.
Your stone body is resilient. (AC +7)
You are immune to poison.
You resist negative energy. (rN+)
You are resistant to electric shocks. (rElec)
You are resistant to unholy torment.
You are immune to petrification.


   Skills:
 - Level 9.2(14.2) Fighting
 - Level 11.0(16.0) Axes
 - Level 1.3(6.3) Throwing
 + Level 6.0(11.0) Armour
 - Level 2.0(7.0) Dodging
 - Level 5.1(10.1) Shields
 - Level 4.1 Invocations


You had 9 spell levels left.
You didn't know any spells.
Your spell library was empty.

Inventory:

Hand Weapons
 k - a +3 heavy flail
 Y - a +6 war axe (weapon)
Armour
 a - a +0 cloak (worn)
 c - a +0 buckler (worn)
 o - a +1 plate armour (worn)
 p - +0 acid dragon scales
Jewellery
 b - a ring of see invisible (right hand)
 g - a +6 ring of dexterity (left hand)
 i - a ring of fire
Scrolls
 h - 9 scrolls of identify
Potions
 d - 2 potions of might
 e - a potion of magic
 f - 3 potions of heal wounds
 j - 6 potions of curing
 l - 2 potions of attraction
 m - 2 potions of lignification
 n - a potion of cancellation

Dungeon Overview and Level Annotations

Branches:
Dungeon (8/15)             Temple (1/1) D:7            Lair (1/5) D:8
Ossuary (visited)

Altars:
Cheibriados
Dithmenos
Elyvilon
Fedhas
Gozag
Hepliaklqana
Kikubaaqudgha
Makhleb
Nemelex Xobeh
Okawaru
Qazlal
Ru
Sif Muna
Trog
Uskayaw
Vehumet
Wu Jian
Xom
Yredelemnul
Zin
The Shining One

Annotations:
D:6 2 transporters, 1 runed translucent door, qw's ghost, novice GrFi


Message History

Enter note:
Enter note:
Enter note:
Enter note:
Enter note:
Enter note:
Enter note:
Enter note:
Enter note:
Enter note:
7970 ||| DRINKING 5 potions of heal wounds.
You feel much better.
The death yak gores you but does no damage.
You block the death yak's attack.
The death yak gores you but does no damage.
The death yak gores you. The death yak gores you!
You slice the death yak!!
The death yak is heavily wounded.
You barely miss the death yak. You slash the death yak!
You hit the death yak but do no damage. x2
You slash the death yak!
The death yak is severely wounded.
You hit the death yak but do no damage. x2; You barely miss the death yak.
You hit the death yak.
The death yak gores you but does no damage.
The death yak completely misses you. The death yak gores you!
You block the death yak's attack.
The death yak gores you but does no damage.
7973 ||| DRINKING 4 potions of heal wounds.
You feel much better. The death yak gores you!
The death yak gores you but does no damage.
The death yak barely misses you.
The death yak gores you but does no damage.
The death yak gores you.
You slash the death yak!
The death yak is almost dead.
You barely miss the death yak. You hit the death yak.
You slash the death yak! x2
You block the death yak's attack. The death yak gores you! x2
You die...

##...#..........
##.............
#######[....#.#....#
#...##))....###...##
###.....####....##....
##.........##..........
##........P..#.......>..
##..P..YYY......##.......
#.......@........#.......
#....P.YY...P............
#.#...........#..........
#.##.........##.##.......
#.####.....####.##.....<.
#.##.......##....#.....##
#.##......###..?.......#.
#.....#.[..##.........##.
###..###..##..##......##.


You could see 5 death yaks.

Vanquished Creatures
  Pikel (D:7)
  Maurice (D:8)
  Joseph (D:8)
  Maggie (D:7)
  Prince Ribbit (D:5)
  Sigmund (D:2)
  Eustachio (D:4)
  5 yaks (D:8)
  2 wyverns (D:8)
  A steam dragon (D:8)
  A basilisk (D:8)
  Edmund (D:4)
  2 water moccasins
  An orc warrior (D:7)
  2 ice beasts (D:5)
  3 black bears
  An ogre (D:3)
  A centaur (D:5)
  3 lemures (D:7)
  3 phantoms
  A kobold brigand (D:7)
  3 scorpions
  3 water moccasin zombies (Ossuary)
  5 wights (D:7)
  2 hounds
  10 orc priests
  A jelly (D:5)
  A sleepcap (D:5)
  6 iguanas
  Ijyb (D:5)
  7 orc wizards
  2 mummies (Ossuary)
  10 gnolls
  6 adders
  A shadow imp (D:8)
  2 white imps
  An ufetubus (D:7)
  7 adder zombies (Ossuary)
  A dart slug (D:4)
  21 orcs
  5 ball pythons
  8 bats
  10 endoplasms
  6 giant cockroaches
  6 gnoll zombies (Ossuary)
  10 goblins
  8 hobgoblins
  8 jackals
  4 quokkas
  2 frilled lizards (D:1)
  6 hobgoblin zombies (Ossuary)
  11 kobolds
  4 kobold zombies (Ossuary)
  6 orc zombies (Ossuary)
  2 rats
220 creatures vanquished.

Notes
Turn   | Place    | Note
-------+----------+-------------------------------------------
     0 | D:1      | qw the Gargoyle Fighter began the quest for the Orb.
     0 | D:1      | Reached XP level 1. HP: 14/14 MP: 1/1
     0 | D:1      | 0 ||| qw: Version: 0.3-a-5-g6f28e65
     0 | D:1      | 0 ||| qw: Game counter: 483
     0 | D:1      | 0 ||| qw: Always use a shield: true
     0 | D:1      | 0 ||| qw: God list: Okawaru
     0 | D:1      | 0 ||| qw: Allow faded altars: false
     0 | D:1      | 0 ||| qw: Do Orc after D:15 true
     0 | D:1      | 0 ||| qw: Do second Lair branch before Depths: true
     0 | D:1      | 0 ||| qw: Lair rune preference: random
     0 | D:1      | 0 ||| qw: Plans: Normal, Zot:1-4, Slime:5, God:TSO, Crypt,
                  | Tomb, Abyss, Pan, Hells, Win
     0 | D:1      | 0 ||| PLANNING D:1-11
    13 | D:1      | Reached skill level 2 in Axes
    35 | D:1      | Reached XP level 2. HP: 15/19 MP: 2/2
   147 | D:1      | 147 ||| Stepping ~*~*~tactically~*~*~ (hiding).
   254 | D:1      | 254 ||| Stepping ~*~*~tactically~*~*~ (stealth).
   259 | D:1      | 259 ||| Stepping ~*~*~tactically~*~*~ (stealth).
   262 | D:1      | Reached skill level 3 in Axes
   274 | D:1      | 274 ||| Stepping ~*~*~tactically~*~*~ (hiding).
   381 | D:1      | Reached XP level 3. HP: 21/23 MP: 3/3
   498 | D:1      | 498 ||| Stepping ~*~*~tactically~*~*~ (stealth).
  1017 | D:1      | 1017 ||| READING scroll labelled XOACEI NATUURHYL.
  1018 | D:1      | 1018 ||| READING 2 scrolls labelled KOTHRE REOPLINN.
  1019 | D:1      | 1019 ||| READING scroll labelled LUARRO SIYWAU.
  1181 | D:2      | 1181 ||| Stepping ~*~*~tactically~*~*~ (stealth).
  1378 | D:2      | Reached XP level 4. HP: 28/28 MP: 4/4
  1449 | D:2      | Reached skill level 4 in Axes
  1531 | D:2      | Noticed Sigmund
  1532 | D:2      | 1532 ||| FLEEEEING.
  1533 | D:2      | 1533 ||| FLEEEEING.
  1534 | D:2      | 1534 ||| STAIRDANCE
  1546 | D:1      | 1546 ||| UPGRADING to +4 scale mail.
  1556 | D:1      | 1556 ||| DROPPING +0 scale mail.
  1557 | D:1      | 1557 ||| READING scroll labelled ZUC PADOUBBAF.
  1558 | D:1      | 1558 ||| READING scroll labelled CIZUOG UGONEYL.
  1559 | D:1      | 1559 ||| DRINKING 2 purple potions.
  1564 | D:1      | 1564 ||| READING 4 scrolls of identify.
  1564 | D:1      | 1564 ||| IDENTIFYING blue potion
  1565 | D:1      | 1565 ||| READING 3 scrolls of identify.
  1565 | D:1      | 1565 ||| IDENTIFYING grey potion
  1566 | D:1      | 1566 ||| READING 2 scrolls of identify.
  1566 | D:1      | 1566 ||| IDENTIFYING smoky black potion
  1567 | D:1      | 1567 ||| DROPPING potion of ambrosia.
  1568 | D:1      | 1568 ||| DROPPING potion of degeneration.
  1571 | D:2      | 1571 ||| Stepping ~*~*~tactically~*~*~ (hiding).
  1592 | D:2      | Killed Sigmund
  1593 | D:2      | Reached skill level 5 in Axes
  1593 | D:2      | Reached XP level 5. HP: 13/32 MP: 3/5
  1593 | D:2      | Reached XP level 6. HP: 15/37 MP: 3/6
  1746 | D:2      | 1746 ||| DROPPING +0 club.
  1759 | D:2      | 1759 ||| DROPPING +0 whip.
  2080 | D:2      | 2080 ||| READING scroll labelled WOQOBR LIEKESA.
  2085 | D:2      | 2085 ||| READING 2 scrolls of identify.
  2085 | D:2      | 2085 ||| IDENTIFYING bubbling inky potion
  2086 | D:2      | 2086 ||| DROPPING potion of invisibility.
  2188 | D:3      | 2188 ||| Stepping ~*~*~tactically~*~*~ (stealth).
  2189 | D:3      | 2189 ||| Stepping ~*~*~tactically~*~*~ (stealth).
  2592 | D:3      | 2592 ||| UPGRADING to +6 ring of dexterity.
  2606 | D:4      | 2606 ||| PLANNING OSSUARY
  2617 | D:4      | Reached skill level 6 in Axes
  2617 | D:4      | Reached XP level 7. HP: 33/43 MP: 7/7
  2670 | D:4      | Noticed Edmund
  2686 | D:4      | Killed Edmund
  2718 | D:4      | 2718 ||| DROPPING +0 flail.
  2723 | D:4      | 2723 ||| FLEEEEING.
  2724 | D:4      | 2724 ||| FLEEEEING.
  2725 | D:4      | 2725 ||| FLEEEEING.
  2726 | D:4      | 2726 ||| FLEEEEING.
  2727 | D:4      | 2727 ||| FLEEEEING.
  2728 | D:4      | 2728 ||| FLEEEEING.
  2729 | D:4      | 2729 ||| FLEEEEING.
  2732 | D:4      | 2732 ||| STAIRDANCE
  2812 | D:4      | 2812 ||| FLEEEEING.
  2813 | D:4      | 2813 ||| FLEEEEING.
  2814 | D:4      | 2814 ||| FLEEEEING.
  2815 | D:4      | 2815 ||| FLEEEEING.
  2816 | D:4      | 2816 ||| FLEEEEING.
  2817 | D:4      | 2817 ||| FLEEEEING.
  2818 | D:4      | 2818 ||| FLEEEEING.
  2819 | D:4      | 2819 ||| STAIRDANCE
  2862 | D:4      | 2862 ||| STAIRDANCE
  2944 | D:4      | 2944 ||| FLEEEEING.
  2946 | D:4      | 2946 ||| STAIRDANCE
  2990 | D:4      | Found a sand-covered staircase.
  2995 | Ossuary  | Entered an ossuary
  3043 | Ossuary  | Reached skill level 7 in Axes
  3087 | Ossuary  | Reached XP level 8. HP: 43/49 MP: 8/8
  3192 | Ossuary  | Reached skill level 1 in Throwing
  3219 | Ossuary  | 3219 ||| UPGRADING to +0 plate armour.
  3229 | Ossuary  | 3229 ||| DROPPING +4 scale mail.
  3230 | Ossuary  | 3230 ||| DRINKING 6 red potions.
  3231 | Ossuary  | 3231 ||| DRINKING 2 murky coppery potions.
  3232 | Ossuary  | 3232 ||| READING 3 scrolls of identify.
  3232 | Ossuary  | 3232 ||| IDENTIFYING green potion
  3233 | Ossuary  | 3233 ||| READING 2 scrolls of identify.
  3233 | Ossuary  | 3233 ||| IDENTIFYING inky potion
  3234 | Ossuary  | 3234 ||| DROPPING potion of brilliance.
  3243 | D:4      | 3243 ||| PLANNING D:1-11
  3287 | D:4      | Found a shadowy altar of Dithmenos.
  3475 | D:4      | Noticed Eustachio
  3478 | D:4      | Noticed Ijyb
  3503 | D:4      | 3503 ||| FLEEEEING.
  3508 | D:4      | Killed Eustachio
  3581 | D:4      | 3581 ||| Invisibility monster not found???
  3860 | D:4      | 3860 ||| UPGRADING to ring of see invisible.
  3861 | D:4      | 3861 ||| READING scroll labelled WELUGE VEMN.
  3871 | D:5      | Entered Level 5 of the Dungeon
  3914 | D:5      | 3914 ||| Stepping ~*~*~tactically~*~*~ (stealth).
  3920 | D:5      | Reached skill level 8 in Axes
  4088 | D:5      | Reached skill level 6 in Fighting
  4325 | D:5      | Killed Ijyb
  4326 | D:5      | Reached XP level 9. HP: 42/55 MP: 9/9
  4532 | D:5      | 4532 ||| Stepping ~*~*~tactically~*~*~ (hiding).
  4545 | D:5      | Reached skill level 9 in Axes
  4691 | D:5      | Found a blossoming altar of Fedhas.
  4698 | D:5      | Noticed Prince Ribbit
  4720 | D:5      | Killed Prince Ribbit
  4966 | D:5      | 4966 ||| READING scroll labelled XYSKIG ZOWUAT.
  4967 | D:5      | 4967 ||| READING scroll labelled XAYJANOROF.
  5068 | D:6      | Found a transporter.
  5134 | D:6      | Found a transporter.
  5387 | D:6      | 5387 ||| READING scroll of enchant armour.
  5387 | D:6      | 5387 ||| ENCHANTING +0 plate armour.
  5488 | D:6      | Found a burning altar of Makhleb.
  5709 | D:6      | Found a runed translucent door.
  5713 | D:6      | Noticed qw's ghost (novice GrFi)
  5970 | D:6      | 5970 ||| READING 8 scrolls of identify.
  5970 | D:6      | 5970 ||| IDENTIFYING smoky blue potion
  5998 | D:7      | 5998 ||| Stepping ~*~*~tactically~*~*~ (hiding).
  6036 | D:7      | 6036 ||| Stepping ~*~*~tactically~*~*~ (stealth).
  6037 | D:7      | 6037 ||| Stepping ~*~*~tactically~*~*~ (stealth).
  6104 | D:7      | 6104 ||| Stepping ~*~*~tactically~*~*~ (stealth).
  6124 | D:7      | 6124 ||| FLEEEEING.
  6125 | D:7      | 6125 ||| FLEEEEING.
  6126 | D:7      | 6126 ||| FLEEEEING.
  6127 | D:7      | 6127 ||| FLEEEEING.
  6128 | D:7      | 6128 ||| FLEEEEING.
  6129 | D:7      | 6129 ||| FLEEEEING.
  6130 | D:7      | 6130 ||| FLEEEEING.
  6132 | D:7      | 6132 ||| FLEEEEING.
  6134 | D:7      | 6134 ||| FLEEEEING.
  6135 | D:7      | 6135 ||| STAIRDANCE
  6158 | D:7      | 6158 ||| STAIRDANCE
  6224 | D:7      | 6224 ||| Stepping ~*~*~tactically~*~*~ (stealth).
  6298 | D:7      | Reached skill level 10 in Axes
  6305 | D:7      | 6305 ||| SWAPPING to +6 war axe.
  6306 | D:7      | 6306 ||| DROPPING +0 war axe.
  6392 | D:7      | 6392 ||| Stepping ~*~*~tactically~*~*~ (hiding).
  6393 | D:7      | 6393 ||| Stepping ~*~*~tactically~*~*~ (hiding).
  6394 | D:7      | 6394 ||| Stepping ~*~*~tactically~*~*~ (hiding).
  6413 | D:7      | Reached skill level 6 in Armour
  6476 | D:7      | 6476 ||| Stepping ~*~*~tactically~*~*~ (stealth).
  6490 | D:7      | Found a staircase to the Ecumenical Temple.
  6491 | D:7      | 6491 ||| PLANNING TEMPLE
  6491 | D:7      | 6491 ||| READING scroll labelled VIVEOGRYUPA.
  6498 | Temple   | Entered the Ecumenical Temple
  6499 | Temple   | 6499 ||| PLANNING OKAWARU WORSHIP
  6582 | Temple   | Became a worshipper of Warmaster Okawaru
  6583 | Temple   | 6583 ||| PLANNING D:1-11
  6606 | D:7      | Noticed Pikel
  6607 | D:7      | 6607 ||| Stepping ~*~*~tactically~*~*~ (stealth).
  6608 | D:7      | 6608 ||| Stepping ~*~*~tactically~*~*~ (stealth).
  6610 | D:7      | 6610 ||| Stepping ~*~*~tactically~*~*~ (hiding).
  6630 | D:7      | Killed Pikel
  6631 | D:7      | Reached XP level 10. HP: 59/65 MP: 10/10
  6693 | D:7      | Noticed Maggie
  6701 | D:7      | Killed Maggie
  6701 | D:7      | Reached * piety under Okawaru
  6900 | D:7      | Reached skill level 1 in Invocations
  6934 | D:7      | 6934 ||| DROPPING ring of flight.
  6950 | D:8      | Noticed Maurice
  6951 | D:8      | 6951 ||| Stepping ~*~*~tactically~*~*~ (stealth).
  6952 | D:8      | 6952 ||| Stepping ~*~*~tactically~*~*~ (stealth).
  6960 | D:8      | 6960 ||| Stepping ~*~*~tactically~*~*~ (stealth).
  6961 | D:8      | 6961 ||| Stepping ~*~*~tactically~*~*~ (stealth).
  6977 | D:8      | Killed Maurice
  7007 | D:8      | Noticed Joseph
  7013 | D:8      | Reached skill level 3 in Invocations
  7018 | D:8      | 7018 ||| INVOKING Heroism.
  7026 | D:8      | Killed Joseph
  7026 | D:8      | Reached ** piety under Okawaru
  7144 | D:8      | Found a staircase to the Lair.
  7163 | D:8      | 7163 ||| Stepping ~*~*~tactically~*~*~ (hiding).
  7164 | D:8      | 7164 ||| Stepping ~*~*~tactically~*~*~ (hiding).
  7170 | D:8      | 7170 ||| Stepping ~*~*~tactically~*~*~ (stealth).
  7223 | D:8      | 7223 ||| INVOKING Heroism.
  7291 | D:8      | 7291 ||| INVOKING Heroism.
  7420 | D:8      | 7420 ||| Stepping ~*~*~tactically~*~*~ (hiding).
  7421 | D:8      | 7421 ||| Stepping ~*~*~tactically~*~*~ (hiding).
  7424 | D:8      | 7424 ||| Stepping ~*~*~tactically~*~*~ (hiding).
  7425 | D:8      | 7425 ||| Stepping ~*~*~tactically~*~*~ (hiding).
  7610 | D:8      | 7610 ||| Stepping ~*~*~tactically~*~*~ (stealth).
  7613 | D:8      | 7613 ||| Stepping ~*~*~tactically~*~*~ (stealth).
  7626 | D:8      | Reached skill level 11 in Axes
  7634 | D:8      | 7634 ||| INVOKING Heroism.
  7638 | D:8      | Reached skill level 9 in Fighting
  7759 | D:8      | Identified the +0 ring mail "Quzam" {rElec Will+ Int+5}
  7922 | D:8      | 7922 ||| PLANNING LAIR
  7922 | D:8      | 7922 ||| UPGRADING to +0 cloak.
  7927 | D:8      | 7927 ||| READING scroll labelled WAURI TAASCH.
  7959 | Lair:1   | Entered Level 1 of the Lair of Beasts
  7959 | Lair:1   | Noticed a death yak
  7959 | Lair:1   | Noticed a death yak
  7959 | Lair:1   | Noticed a death yak
  7959 | Lair:1   | Noticed a death yak
  7959 | Lair:1   | Noticed a death yak
  7960 | Lair:1   | 7960 ||| INVOKING Heroism.
  7968 | Lair:1   | 7968 ||| STAIRDANCE
  7968 | Lair:1   | HP: 8/66 [death yak (9)]
  7970 | D:8      | 7970 ||| DRINKING 5 potions of heal wounds.
  7973 | D:8      | 7973 ||| DRINKING 4 potions of heal wounds.
  7974 | D:8      | HP: 9/66 [death yak (11)]
  7974 | D:8      | Slain by a death yak

Levels and vault maps discovered:
D:1:      amcnicky_arrival_choice, layout_basic
D:2:      layout_loops_ring, minmay_heptomino_l4, uniq_sigmund
D:3:      layout_rooms
D:4:      layout_rooms, nicolae_dithmenos_shadow_blocks,
          nicolae_ossuary_entry_plus, uniq_ijyb, uniq_eustachio, uniq_edmund
D:5:      layout_basic, mainiacjoe_overflow_tiny_flanked, uniq_prince_ribbit1
D:6:      gammafunk_cloud_chamber, layout_basic, old_standard_altar,
          serial_glass, glass_columns_a, glass_columns_c, gammafunk_ghost_grave,
          nicolae_sextant
D:7:      layout_basic, minmay_temple_entry_mini_moons, uniq_pikel, uniq_maggie
D:8:      layout_cave_pools, david_lair_generic, uniq_maurice, uniq_joseph
Temple:   dpeg_three_leaves_temple
Lair:1:   layout_loops_ring, special_room [special_room_bee], st_stairs_7,
          worms_lemuel

Skill      XL: |  1  2  3  4  5  6  7  8  9 10 |
---------------+-------------------------------+-----
Axes           | 2 3 5 6 7 8 10 11 | 11.0
Fighting       | 4 5 6 8 9 |  9.2
Dodging        | 2 |  2.0
Throwing       | 1 |  1.3
Armour         | 4 6 |  6.0
Shields        | 4 5 |  5.1
Invocations    | 4 |  4.1

Action                     |  1- 3 |  4- 6 |  7- 9 | 10-12 || total
---------------------------+-------+-------+-------+-------++-------
  Melee: War axe           |   109 |    99 |   462 |    97 ||   767
  Throw: Boomerang         |       |    13 |    87 |       ||   100
 Invoke: Heroism           |       |       |       |     5 ||     5
    Use: Scroll            |     3 |     7 |     8 |     1 ||    19
         Potion            |       |     1 |     2 |     2 ||     5
 Armour: Scale mail        |    49 |    60 |    66 |       ||   175
         Plate armour      |       |       |   220 |    55 ||   275
  Dodge: Dodged            |    59 |    59 |   169 |    29 ||   316
  Block: Buckler           |    15 |    21 |   126 |    25 ||   187

Table legend:
 A = Non-vault XP
 B = Vault XP
 C = Vault XP percentage of total XP
 D = Non-vault monster count
 E = Vault monster count
 F = Vault count percentage of total count
                 A         B        C        D         E       F
            +---------+---------+-------+---------+---------+-------
      Total |    4940 |    4001 |  44.7 |     167 |      50 |  23.0
            +---------+---------+-------+---------+---------+-------
        D:1 |      56 |       0 |   0.0 |      32 |       0 |   0.0
        D:2 |      89 |     244 |  73.3 |      16 |       4 |  20.0
        D:3 |     225 |       0 |   0.0 |      18 |       0 |   0.0
        D:4 |     529 |     380 |  41.8 |      23 |       2 |   8.0
        D:5 |    1024 |     287 |  21.9 |      23 |       2 |   8.0
        D:6 |     516 |       0 |   0.0 |      13 |       0 |   0.0
        D:7 |    1058 |    1080 |  50.5 |      23 |       2 |   8.0
        D:8 |    1443 |    1684 |  53.9 |      19 |       6 |  24.0
    Ossuary |       0 |     326 | 100.0 |       0 |      34 | 100.0
            +---------+---------+-------+---------+---------+-------
